 Dungeon Crawl Stone Soup version 0.26-a0-651-gb41185065b (webtiles) character file.

Game seed: 6345413015247795028

11009 flotson the Fighter (level 11, 0/95 HPs)
             Began as a Gnoll Wanderer on Sept 29, 2020.
             Was a Priest of Fedhas.
             Slain by a polar bear (19 damage)
             ... on level 1 of the Lair of Beasts.
             The game lasted 00:17:53 (13814 turns).

flotson the Fighter (Gnoll Wanderer)               Turns: 13814, Time: 00:17:55

Health: 0/95       AC: 24    Str: 16    XL:     11   Next: 71%
Magic:  20/20      EV:  2    Int: 14    God:    Fedhas [***...]
Gold:   597        SH: 11    Dex: 23    Spells: 23/23 levels left

rFire    . . .     SeeInvis .   a - +0 hand axe (elec)
rCold    . . .     Faith    .   E - +0 kite shield
rNeg     . . .     Spirit   .   L - +0 crystal plate armour
rPois    .         Reflect  .   A - +2 helmet
rElec    .         Harm     .   v - +0 cloak
rCorr    .         Rampage  .   m - +0 pair of gloves
MR       .....                  (no boots)
Stlth    ..........             (no amulet)
HPRegen  0.25/turn              C - +6 ring of dexterity
MPRegen  0.17/turn              F - ring of stealth

@: no status effects
A: distributed training, fangs 1, strong nose
a: Wall of Briars, Grow Ballistomycete, Renounce Religion


You were on level 1 of the Lair of Beasts.
You worshipped Fedhas.
Fedhas was most pleased with you.
You visited 3 branches of the dungeon, and saw 13 of its levels.

You collected 597 gold pieces.

Inventory:

Hand Weapons
 a - a +0 hand axe of electrocution (weapon)
 b - a +2 whip of electrocution
Missiles
 o - 97 poisoned darts
 s - 3 atropa-tipped darts
 t - 13 javelins (quivered)
 J - 7 curare-tipped darts
Armour
 m - a +0 pair of gloves (worn)
 v - a +0 cloak (worn)
 A - a +2 helmet (worn)
 E - a +0 kite shield (worn)
 H - a +0 scale mail
 L - a +0 crystal plate armour (worn)
Jewellery
 p - an uncursed ring of wizardry
 C - a +6 ring of dexterity (left hand)
 F - a ring of stealth (right hand)
Wands
 I - a wand of digging (6)
 K - a wand of acid (15)
 M - a wand of enslavement (9)
Scrolls
 d - 8 scrolls of remove curse
 g - 4 scrolls of enchant weapon
 i - a scroll of silence {unknown}
 k - 2 scrolls of fog {unknown}
 l - 2 scrolls of blinking {unknown}
 q - 3 scrolls of teleportation
 r - a scroll of fear {unknown}
 w - a scroll of random uselessness {unknown}
 x - 2 scrolls of enchant armour {unknown}
 y - a scroll of immolation {unknown}
 B - 4 scrolls of identify
Potions
 c - 3 potions of lignification
 e - 4 potions of curing
 f - a potion of flight
 h - a potion of heal wounds
 j - a potion of cancellation
 n - 3 potions of might
 u - 5 potions of haste
 z - 2 potions of resistance
 D - a potion of berserk rage


   Skills:
 + Level 12.0 Fighting
 + Level 6.5 Short Blades
 + Level 6.5 Long Blades
 + Level 6.5 Axes
 + Level 7.1 Maces & Flails
 + Level 7.1 Polearms
 + Level 6.5 Staves
 + Level 6.5 Slings
 + Level 6.5 Bows
 + Level 6.5 Crossbows
 + Level 6.5 Throwing
 + Level 6.5 Armour
 + Level 6.5 Dodging
 + Level 7.8 Stealth
 + Level 7.1 Shields
 + Level 6.5 Unarmed Combat
 + Level 6.5 Spellcasting
 + Level 5.4 Conjurations
 + Level 5.4 Hexes
 + Level 5.4 Summonings
 + Level 5.4 Necromancy
 + Level 5.4 Translocations
 + Level 5.4 Transmutations
 + Level 5.4 Fire Magic
 + Level 5.4 Ice Magic
 + Level 5.4 Air Magic
 + Level 5.4 Earth Magic
 + Level 5.4 Poison Magic
 + Level 7.2 Invocations
 + Level 6.5 Evocations


You had 23 spell levels left.
You didn't know any spells.
Your spell library contained the following spells:

 Spells                   Type           Power        Failure   Level
 Animate Skeleton         Necr           ###...       100%        1
 Foxfire                  Conj/Fire      ###.         100%        1
 Magic Dart               Conj           ###.         100%        1
 Pain                     Necr           ###.         100%        1
 Blink                    Tloc           N/A          100%        2
 Call Imp                 Summ           ###.....     100%        2
 Slow                     Hex            ###.....     100%        2
 Conjure Flame            Conj/Fire      ###.....     100%        3
 Mephitic Cloud           Conj/Pois/Air  ###.....     100%        3
 Vampiric Draining        Necr           ###.......   100%        3
 Animate Dead             Necr           ###.......   100%        4
 Cause Fear               Hex            ###.......   100%        4
 Agony                    Necr           ###.....     100%        5
 Dragon Form              Tmut           ###.......   100%        7
 Dragon's Call            Summ           ###.......   100%        9


Dungeon Overview and Level Annotations

Branches:
Dungeon (10/15)            Temple (1/1) D:4            Lair (2/6) D:8
 Spider (0/4) Lair:2          Orc (0/2) D:9
  Swamp: Lair:2-4    Shoals: Lair:2-4

Altars:
Ashenzari
Cheibriados
Dithmenos
Elyvilon
Fedhas
Hepliaklqana
Kikubaaqudgha
Makhleb
Nemelex Xobeh
Okawaru
Qazlal
Ru
Sif Muna
Trog
Vehumet
Wu Jian
Xom
Yredelemnul
Zin
The Shining One

Shops:
D:9 :   D:10 =

Annotations:
Lair:1 1 runed translucent door, Foxy's ghost, journeyman TrMo


Innate Abilities, Weirdness & Mutations

Your experience applies equally to all skills.
You have very sharp teeth.
Your uncanny sense of smell can sniff out nearby items.


Message History

You bite the polar bear, but do no damage.
The polar bear is almost dead.
You block the polar bear's attack.
The polar bear claws you but does no damage. x2
The polar bear bites you!!
* * * LOW HITPOINT WARNING * * *
You block the polar bear's attack.
The polar bear claws you but does no damage.
You hit the polar bear.
The polar bear is almost dead.
The polar bear bites you but does no damage.
The polar bear claws you but does no damage. x2
You hit the polar bear.
You bite the polar bear, but do no damage.
The polar bear is almost dead.
The polar bear barely misses you.
The polar bear claws you but does no damage.
The polar bear barely misses you. The polar bear bites you!!
You die...
Fedhas appreciates your contribution to the ecosystem.

###.........#.#.### ∆ ##
###........####.# #
##.#.......##..††# ## #
#..........#.....#..# #
#..........#...###..##
###........†##...#.....#
............##.###.#...#
.......=....##.#(hh.##
.......#.....#..@#..?#
......###....#..P#[h##
...... #....#..P#..#
##.### #.......##.(# ##
####†...#..#####
######.......#...#
....##.......##P...
...###........##.## ...#
#...#P...# ## #


You could see 2 polar bears.

Vanquished Creatures
  Snorg (D:10)
  A hydra (Lair:1)
  A two-headed ogre (D:9)
  An orb spider (Lair:2)
  A black mamba (Lair:1)
  A gargoyle (D:9)
  2 cane toads (Lair:1)
  A komodo dragon (Lair:1)
  A troll (D:8)
  A polar bear (Lair:1)
  A hornet (D:7)
  Sigmund (D:5)
  A wraith (D:10)
  2 wyverns
  Menkaure (D:4)
  7 water moccasins
  A porcupine (Lair:2)
  3 phantoms
  An ice beast (D:7)
  4 ogres
  5 black bears
  7 centaurs
  3 wolves (D:8)
  2 crocodiles
  5 bullfrogs
  2 gnoll sergeants
  A wyvern zombie (D:10)
  4 scorpions
  6 killer bees (D:9)
  2 electric eels (D:8)
  4 howler monkeys
  A bullfrog zombie (D:7)
  A crimson imp (D:3)
  3 centaur zombies
  5 orc priests
  10 hounds
  2 jellies
  4 orc wizards
  A bullfrog skeleton (D:6)
  An iguana (D:10)
  Natasha (D:2)
  7 worker ants
  A hound skeleton (D:7)
  A worker ant zombie (D:10)
  9 gnolls
  12 adders
  A white imp (D:9)
  3 ufetubi
  An adder zombie (D:5)
  A worm (D:4)
  An adder skeleton (D:7)
  A dart slug (D:1)
  3 leopard geckos
  27 orcs
  6 giant cockroaches
  3 goblins
  3 hobgoblins
  6 jackals
  5 quokkas
  A ball python (D:3)
  11 bats
  10 frilled lizards
  10 kobolds
  A leopard gecko zombie (D:5)
  A quokka skeleton (D:4)
  11 rats
239 creatures vanquished.

Vanquished Creatures (collateral kills)
  5 ballistomycete spores
5 creatures vanquished.

Vanquished Creatures (others)
  2 fungi
  8 plants (Lair:1)
10 creatures vanquished.

Grand Total: 254 creatures vanquished

Notes
Turn   | Place    | Note
-------+----------+-------------------------------------------
     0 | D:1      | Reached skill level 10 in Fighting
     0 | D:1      | flotson the Gnoll Wanderer began the quest for the Orb.
     0 | D:1      | flotson set off with the following items: a +2 spear, a
                  | potion of curing, a potion of lignification, a +0 robe, a
                  | +0 dagger
     0 | D:1      | Reached XP level 1. HP: 28/28 MP: 1/1
   117 | D:1      | Reached XP level 2. HP: 35/36 MP: 2/2
   706 | D:1      | Reached XP level 3. HP: 42/42 MP: 3/3
  1046 | D:2      | Reached skill level 1 in Invocations
  1269 | D:2      | Reached skill level 1 in Short Blades
  1269 | D:2      | Reached skill level 1 in Long Blades
  1269 | D:2      | Reached skill level 1 in Axes
  1269 | D:2      | Reached skill level 1 in Staves
  1269 | D:2      | Reached skill level 1 in Slings
  1269 | D:2      | Reached skill level 1 in Bows
  1269 | D:2      | Reached skill level 1 in Crossbows
  1269 | D:2      | Reached skill level 1 in Throwing
  1269 | D:2      | Reached skill level 1 in Armour
  1269 | D:2      | Reached skill level 1 in Dodging
  1269 | D:2      | Reached skill level 1 in Unarmed Combat
  1269 | D:2      | Reached skill level 1 in Spellcasting
  1269 | D:2      | Reached skill level 1 in Evocations
  1350 | D:2      | Noticed Natasha
  1352 | D:2      | Killed Natasha
  1352 | D:2      | Reached XP level 4. HP: 48/48 MP: 5/5
  1389 | D:2      | Reached skill level 1 in Conjurations
  1389 | D:2      | Reached skill level 1 in Hexes
  1389 | D:2      | Reached skill level 1 in Summonings
  1389 | D:2      | Reached skill level 1 in Necromancy
  1389 | D:2      | Reached skill level 1 in Translocations
  1389 | D:2      | Reached skill level 1 in Transmutations
  1389 | D:2      | Reached skill level 1 in Fire Magic
  1389 | D:2      | Reached skill level 1 in Ice Magic
  1389 | D:2      | Reached skill level 1 in Air Magic
  1389 | D:2      | Reached skill level 1 in Earth Magic
  1389 | D:2      | Reached skill level 1 in Poison Magic
  1458 | D:2      | Reached XP level 5. HP: 44/54 MP: 5/7
  2116 | D:3      | Found a snail-covered altar of Cheibriados.
  2164 | D:3      | Found a white marble altar of Elyvilon.
  2367 | D:3      | Found a burning altar of Makhleb.
  2368 | D:3      | Found a shimmering altar of Xom.
  2521 | D:3      | Reached XP level 6. HP: 55/61 MP: 8/8
  2943 | D:4      | Found a staircase to the Ecumenical Temple.
  2952 | Temple   | Entered the Ecumenical Temple
  2984 | Temple   | Became a worshipper of Fedhas Madash
  3744 | D:4      | Noticed Menkaure
  3747 | D:4      | Killed Menkaure
  3747 | D:4      | Reached XP level 7. HP: 39/67 MP: 10/10
  3946 | D:4      | Found a hazy altar of Hepliaklqana.
  4086 | D:4      | Found a burning altar of Makhleb.
  4152 | D:5      | Entered Level 5 of the Dungeon
  4190 | D:5      | Reached skill level 5 in Stealth
  4338 | D:5      | Noticed Sigmund
  4347 | D:5      | Killed Sigmund
  4347 | D:5      | Reached XP level 8. HP: 65/74 MP: 12/12
  4542 | D:5      | Noticed a wyvern
  4549 | D:5      | Killed a wyvern
  5165 | D:6      | Reached * piety under Fedhas
  5800 | D:7      | Reached skill level 11 in Fighting
  5810 | D:7      | Reached XP level 9. HP: 57/81 MP: 14/14
  6081 | D:7      | Noticed a hornet
  6094 | D:7      | Killed a hornet
  6592 | D:7      | Reached ** piety under Fedhas
  6604 | D:7      | Reached skill level 5 in Maces & Flails
  6604 | D:7      | Reached skill level 5 in Polearms
  6604 | D:7      | Reached skill level 5 in Shields
  6677 | D:7      | Found an iron altar of Okawaru.
  7183 | D:8      | Found a stormy altar of Qazlal.
  7195 | D:8      | Found a glowing silver altar of Zin.
  7639 | D:8      | Found a staircase to the Lair.
  7739 | D:8      | Reached skill level 5 in Invocations
  7795 | D:8      | Noticed a troll
  7814 | D:8      | Killed a troll
  7968 | D:8      | Reached XP level 10. HP: 88/88 MP: 17/17
  8293 | D:8      | Found a shimmering blue altar of Sif Muna.
  8311 | D:8      | Found a shadowy altar of Dithmenos.
  8596 | D:8      | Reached skill level 5 in Short Blades
  8596 | D:8      | Reached skill level 5 in Long Blades
  8596 | D:8      | Reached skill level 5 in Axes
  8596 | D:8      | Reached skill level 5 in Staves
  8596 | D:8      | Reached skill level 5 in Slings
  8596 | D:8      | Reached skill level 5 in Bows
  8596 | D:8      | Reached skill level 5 in Crossbows
  8596 | D:8      | Reached skill level 5 in Throwing
  8596 | D:8      | Reached skill level 5 in Armour
  8596 | D:8      | Reached skill level 5 in Dodging
  8596 | D:8      | Reached skill level 5 in Unarmed Combat
  8596 | D:8      | Reached skill level 5 in Spellcasting
  8596 | D:8      | Reached skill level 5 in Evocations
  8842 | D:9      | Found a sparkling altar of Nemelex Xobeh.
  8858 | D:9      | Noticed a moth of wrath
  8861 | D:9      | Found a bloodstained altar of Trog.
  8966 | D:9      | Reached *** piety under Fedhas
  9542 | D:9      | Found a staircase to the Orcish Mines.
  9619 | D:9      | Found a sacrificial altar of Ru.
  9620 | D:9      | Noticed a two-headed ogre
  9635 | D:9      | Killed a two-headed ogre
  9710 | D:9      | Found a radiant altar of Vehumet.
  9929 | D:9      | Found Geassiost's Book Shoppe.
 10170 | D:10     | Entered Level 10 of the Dungeon
 10170 | D:10     | Noticed a gargoyle
 10240 | D:9      | Killed a gargoyle
 10899 | D:10     | Noticed Snorg
 11317 | D:10     | Killed Snorg
 11317 | D:10     | Reached XP level 11. HP: 95/95 MP: 16/19
 11425 | D:10     | Reached skill level 5 in Conjurations
 11425 | D:10     | Reached skill level 5 in Hexes
 11425 | D:10     | Reached skill level 5 in Summonings
 11425 | D:10     | Reached skill level 5 in Necromancy
 11425 | D:10     | Reached skill level 5 in Translocations
 11425 | D:10     | Reached skill level 5 in Transmutations
 11425 | D:10     | Reached skill level 5 in Fire Magic
 11425 | D:10     | Reached skill level 5 in Ice Magic
 11425 | D:10     | Reached skill level 5 in Air Magic
 11425 | D:10     | Reached skill level 5 in Earth Magic
 11425 | D:10     | Reached skill level 5 in Poison Magic
 11606 | D:10     | Found Ohythrar's Jewellery Emporium.
 11678 | Lair:1   | Entered Level 1 of the Lair of Beasts
 12316 | Lair:1   | Noticed a five-headed hydra
 12330 | Lair:1   | Killed a five-headed hydra
 12570 | Lair:1   | You fall into a shaft and drop 1 floor!
 12745 | Lair:2   | Found a hole to the Spider Nest.
 12745 | Lair:2   | Noticed an orb spider
 12871 | Lair:2   | Killed an orb spider
 13000 | Lair:1   | Found a runed translucent door.
 13002 | Lair:1   | Noticed Foxy's ghost (journeyman TrMo)
 13002 | Lair:1   | Identified the +5 trident of Opragoto {drain, rF+ Int+6}
 13162 | Lair:1   | Reached skill level 12 in Fighting
 13814 | Lair:1   | Slain by a polar bear

Illustrated notes

Levels and vault maps discovered:
D:1:      mainiacjoe_arrival_reflecting_pool, layout_basic, chequers_garden,
          kennysheep_flooded_box, minmay_small_reverse_x
D:2:      minmay_chambers_of_ones, layout_loops_corners, uniq_natasha
D:3:      layout_rooms, grunt_temple_overflow_champion_of_chaos,
          cheibriados_altar_1, elyvilon_altar_5, serial_glass, glass_columns_a,
          glass_columns_a
D:4:      layout_basic, old_standard_altar, minmay_temple_entry_purple_smoke,
          makhleb_blood_cavern_becter, uniq_menkaure
D:5:      layout_gridville, uniq_sigmund
D:6:      layout_loops_corners
D:7:      layout_loops_corners, okawaru_ov_weapons_minmay
D:8:      layout_gridville, nicolae_overflow_quartered_altars, erik_lair_island
D:9:      layout_cave_pods, lemuel_crystal_altar,
          nemelex_xobeh_ov_fountains_minmay, kennysheep_mini, tgw_trog,
          david_orc_2, serial_shops, shop
D:10:     layout_rooms, serial_shops, nicolae_shop_behind_doors,
          wad_floor_pattern_2, uniq_snorg
Temple:   compressed_dpeg_triangle_lava_temple
Lair:1:   beast_lair_carwin_large_3, layout_cellular_growth,
          ebering_ghost_funeral_grove
Lair:2:   layout_cave_pods, nicolae_spider_entry_orb_guardian,
          lemuel_fruit_fields

Skill      XL: |  1  2  3  4  5  6  7  8  9 10 11 |
---------------+----------------------------------+-----
Fighting       | 11 12 | 12.0
Invocations    | 1 2 3 4 5 6 7 |  7.2
Short Blades   | 1 2 3 4 5 6 |  6.5
Long Blades    | 1 2 3 4 5 6 |  6.5
Axes           | 1 2 3 4 5 6 |  6.5
Staves         | 1 2 3 4 5 6 |  6.5
Slings         | 1 2 3 4 5 6 |  6.5
Bows           | 1 2 3 4 5 6 |  6.5
Crossbows      | 1 2 3 4 5 6 |  6.5
Throwing       | 1 2 3 4 5 6 |  6.5
Armour         | 1 2 3 4 5 6 |  6.5
Dodging        | 1 2 3 4 5 6 |  6.5
Unarmed Combat | 1 2 3 4 5 6 |  6.5
Spellcasting   | 1 2 3 4 5 6 |  6.5
Evocations     | 1 2 3 4 5 6 |  6.5
Conjurations   | 1 2 3 4 5 |  5.4
Hexes          | 1 2 3 4 5 |  5.4
Summonings     | 1 2 3 4 5 |  5.4
Necromancy     | 1 2 3 4 5 |  5.4
Translocations | 1 2 3 4 5 |  5.4
Transmutations | 1 2 3 4 5 |  5.4
Fire Magic     | 1 2 3 4 5 |  5.4
Ice Magic      | 1 2 3 4 5 |  5.4
Air Magic      | 1 2 3 4 5 |  5.4
Earth Magic    | 1 2 3 4 5 |  5.4
Poison Magic   | 1 2 3 4 5 |  5.4
Maces & Flails | 3 4 5 6 7 |  7.1
Polearms       | 3 4 5 6 7 |  7.1
Shields        | 3 4 5 6 7 |  7.1
Stealth        | 5 6 7 |  7.8

Action                   |  1- 3 |  4- 6 |  7- 9 | 10-12 || total
-------------------------+-------+-------+-------+-------++-------
Melee: Spear             |    56 |       |       |       ||    56
       Bite              |     7 |    11 |    54 |    66 ||   138
       Hand axe          |     3 |       |       |   207 ||   210
       Whip              |    30 |   143 |   325 |   144 ||   642
       Punch             |       |     1 |       |       ||     1
Throw: Dart              |       |     3 |     4 |    22 ||    29
       Javelin           |       |       |       |    19 ||    19
Invok: Grow Ballistomyce |       |       |       |     3 ||     3
       Wall of Briars    |       |       |       |     2 ||     2
  Use: Scroll            |       |       |    11 |     6 ||    17
 Stab: Sleeping          |     2 |       |     3 |       ||     5
Armor: Robe              |     4 |       |       |       ||     4
       Chain mail        |    40 |    69 |    86 |       ||   195
       Crystal plate arm |       |       |    93 |   295 ||   388
       Scale mail        |       |       |    13 |       ||    13
Dodge: Dodged            |    33 |    44 |    81 |    27 ||   185
Block: Kite shield       |       |       |    91 |   262 ||   353

Table legend: (Time is in decaauts)
 A = Elapsed time spent in this place.
 B = Non-inter-level travel time spent in this place.
 C = Inter-level travel time spent in this place.
 D = Time resting spent in this place.
 E = Time spent auto-exploring this place.
 F = Levels seen in this place.
 G = Mean time per level.
                   A        B        C        D        E       F      G
               +--------+--------+--------+--------+--------+-----+--------+
         Total |  13783 |  13450 |    333 |   1211 |  10400 |  13 | 1060.2 |
       Dungeon |  11605 |  11292 |    313 |   1111 |   8562 |  10 | 1160.5 |
        Temple |     43 |     32 |     11 |      0 |     18 |   1 |   43.0 |
          Lair |   2134 |   2125 |      9 |    100 |   1819 |   2 | 1067.0 |
               +--------+--------+--------+--------+--------+-----+--------+

Top non-repeatable levels by time:
  Lair:1: 1721 daAuts
     D:8: 1680 daAuts
     D:9: 1630 daAuts
     D:4: 1356 daAuts
    D:10: 1219 daAuts
     D:7: 1177 daAuts
     D:6: 1176 daAuts
     D:2: 1052 daAuts
     D:1: 917 daAuts
     D:3: 771 daAuts
     D:5: 625 daAuts
  Lair:2: 412 daAuts
  Temple: 43 daAuts
